 Dungeon Crawl Stone Soup version 0.26-a0-712-ga5a9c9c9d0 (webtiles) character file.

Game seed: 16091065569379879860

341 kae the Insei (level 6, 0/37 HPs)
             Began as a Tengu Transmuter on Nov 12, 2020.
             Slain by an elf zombie (7 damage)
             ... in an ossuary.
             The game lasted 00:02:51 (4087 turns).

kae the Insei (Tengu Transmuter)                    Turns: 4087, Time: 00:02:52

Health: 0/37       AC:  3    Str: 12    XL:     6   Next: 56%
Magic:  10/10      EV: 15    Int: 14    God:
Gold:   206        SH:  0    Dex: 14    Spells: 5/9 levels left

rFire    . . .     SeeInvis .     - Unarmed
rCold    . . .     Faith    .   (no shield)
rNeg     . . .     Spirit   .   a - +1 robe
rPois    .         Reflect  .   (helmet restricted)
rElec    .         Harm     .   (no cloak)
rCorr    .         Rampage  .   (no gloves)
MR       +....                  (boots unavailable)
Stlth    +.........             (no amulet)
HPRegen  0.12/turn              g - ring of protection from magic
MPRegen  0.12/turn              (no ring)

@: flying quickly and evasively, quick
A: beak, talons 3, able to fly
a: Stop Flying


You were in an ossuary.
You visited 1 branch of the dungeon, and saw 4 of its levels.
You also visited: Ossuary.

You collected 206 gold pieces.

Inventory:

Armour
 a - a +1 robe (worn)
Jewellery
 g - a ring of protection from magic (left hand)
 n - an uncursed amulet of faith
Wands
 m - a wand of flame (19)
Scrolls
 i - 2 scrolls of teleportation
 k - 2 scrolls of remove curse
Potions
 b - 2 potions of cancellation
 c - 2 potions of haste {unknown}
 e - 3 potions of flight {unknown}
 j - 2 potions of ambrosia {unknown}
 l - a potion of invisibility
 p - a potion of curing {unknown}
 q - a potion of degeneration {unknown}


   Skills:
 + Level 3.1 Fighting
 - Level 2.1 Dodging
 + Level 4.8 Unarmed Combat
 - Level 2.0 Spellcasting
 * Level 4.1 Transmutations


You had 5 spell levels left.
You knew the following spells:

 Your Spells              Type           Power        Failure   Level
a - Beastly Appendage     Tmut           ##....       4%          1
b - Spider Form           Tmut/Pois      #.........   30%         3

Your spell library contained the following spells:

 Spells                   Type           Power        Failure   Level
 Wereblood                Tmut           ##......     7%          2
 Ice Form                 Ice/Tmut       #.......     71%         4
 Blade Hands              Tmut           ##........   77%         5


Dungeon Overview and Level Annotations

Branches:
Dungeon (4/15)            Ossuary (1/1)
 Temple: D:4-7

Altars:
Dithmenos


Innate Abilities, Weirdness & Mutations

You have a beak for a mouth.
You have claws for feet.
You can fly continuously.


Message History

You hit the elf zombie. You claw the elf zombie. You peck the elf zombie.
The elf zombie is lightly damaged.
You hit the elf zombie. You claw the elf zombie.
The elf zombie is lightly damaged.
The elf zombie hits you.
* * * LOW HITPOINT WARNING * * *
You hit the elf zombie.
The elf zombie is moderately damaged.
The elf zombie hits you but does no damage.
You punch the elf zombie! Your kick misses the elf zombie.
The elf zombie is moderately damaged.
Your horns disappear.
The elf zombie misses you.
You barely miss the elf zombie.
You peck the elf zombie, but do no damage.
The elf zombie is moderately damaged.
You hit the elf zombie. You claw the elf zombie!
The elf zombie is heavily damaged.
The elf zombie hits you!
You die...

#.........∩∩........
#........Z..........
#...##############..
#...# #.. #...# #..
#...# #.. #...#
#.∩.....#.. #...#
#...... #.. #..@#
#..... #.. #..Z#
##.... #.. #...#
.... #.. #...# #.^#
#.. #...# #^^# #..
#...# #..# #..
#...######..######..
#...................
#........8..8.......


You could see an elf zombie.

Vanquished Creatures
  A hound (D:4)
  An orc priest (D:4)
  2 orc wizards (D:4)
  2 big kobold zombies (Ossuary)
  A mummy (Ossuary)
  6 adders
  An adder zombie (Ossuary)
  An adder skeleton (D:4)
  2 worms (D:3)
  5 dart slugs
  2 leopard geckos
  6 orcs (D:3)
  5 giant cockroaches
  11 goblins
  5 hobgoblins
  8 kobolds
  A ball python (D:1)
  6 bats
  4 frilled lizards
  2 goblin zombies (Ossuary)
  8 hobgoblin zombies (Ossuary)
  A jackal skeleton (D:4)
  A jackal zombie (Ossuary)
  4 kobold zombies (Ossuary)
  13 orc zombies (Ossuary)
  A quokka skeleton (D:4)
  11 rats
  A rat zombie (Ossuary)
112 creatures vanquished.

Notes
Turn   | Place    | Note
-------+----------+-------------------------------------------
     0 | D:1      | kae the Tengu Transmuter began the quest for the Orb.
     0 | D:1      | Reached XP level 1. HP: 12/12 MP: 4/4
   169 | D:1      | Reached XP level 2. HP: 15/16 MP: 6/6
  1150 | D:1      | Reached XP level 3. HP: 12/20 MP: 5/7
  1925 | D:2      | Reached XP level 4. HP: 16/26 MP: 8/8
  2507 | D:3      | Learned a level 3 spell: Spider Form
  2904 | D:3      | Found a shadowy altar of Dithmenos.
  3179 | D:3      | Gained mutation: You can fly continuously. [Tengu growth]
  3179 | D:3      | Reached XP level 5. HP: 22/31 MP: 7/9
  3567 | D:4      | Reached XP level 6. HP: 21/36 MP: 8/10
  3776 | D:4      | Found a sand-covered staircase.
  3783 | Ossuary  | Entered an ossuary
  4087 | Ossuary  | Slain by an elf zombie

Illustrated notes

Levels and vault maps discovered:
D:1:      dpeg_arrival_leaves_temple_mockup, layout_loops_ring
D:2:      layout_rooms, chequers_serial_rivers_small_a
D:3:      layout_basic, nicolae_overflow_crystal_walls, dk_noncrumbling_4
D:4:      layout_layer_cave, serial_shops, kennysheep_little_box,
          chequers_ossuary_entry_cave
Ossuary:  ossuary_tomb_1

Skill      XL: |  1  2  3  4  5  6 |
---------------+-------------------+-----
Transmutations | 2 3 4 |  4.1
Fighting       | 2 3 |  3.1
Unarmed Combat | 4 |  4.8
Dodging        | |  2.1
Spellcasting   | |  2.0

Action                   |  1- 3 |  4- 6 || total
-------------------------+-------+-------++-------
Melee: Unarmed           |    78 |   217 ||   295
       Kick              |    16 |    59 ||    75
       Peck              |    14 |    31 ||    45
       Headbutt          |     4 |    19 ||    23
       Punch             |     1 |     3 ||     4
 Cast: Beastly Appendage |    18 |    17 ||    35
       Spider Form       |       |     1 ||     1
 Abil: Fly               |       |     1 ||     1
  Use: Scroll            |       |    10 ||    10
 Stab: Sleeping          |     2 |     1 ||     3
Armor: Robe              |    16 |    31 ||    47
       Skin              |       |     1 ||     1
Dodge: Dodged            |    55 |   156 ||   211

Table legend: (Time is in decaauts)
 A = Elapsed time spent in this place.
 B = Non-inter-level travel time spent in this place.
 C = Inter-level travel time spent in this place.
 D = Time resting spent in this place.
 E = Time spent auto-exploring this place.
 F = Levels seen in this place.
 G = Mean time per level.
                   A        B        C        D        E       F      G
               +--------+--------+--------+--------+--------+-----+--------+
         Total |   4025 |   3938 |     87 |     39 |   3155 |   5 |  805.0 |
       Dungeon |   3744 |   3657 |     87 |      0 |   3122 |   4 |  936.0 |
       Ossuary |    281 |    281 |      0 |     39 |     33 |   1 |  281.0 |
               +--------+--------+--------+--------+--------+-----+--------+

Top non-repeatable levels by time:
     D:1: 1586 daAuts
     D:3: 1019 daAuts
     D:2: 908 daAuts
 Ossuary: 281 daAuts
     D:4: 230 daAuts
